 Dungeon Crawl Stone Soup version 0.28.0-49-g6dfe1f597d (webtiles) character file.

Game seed: 3531117439855978060

23 Spectrina the Slasher (level 2, -1/18 HPs)
             Began as a Deep Elf Monk on May 11, 2022.
             Slain by a bullfrog skeleton (2 damage)
             ... on level 2 of the Dungeon on May 12, 2022.
             The game lasted 00:04:06 (409 turns).

Spectrina the Slasher (Deep Elf Monk)                Turns: 409, Time: 00:04:07

Health: -1/18      AC:  3    Str:  8    XL:     2   Next: 72%
Magic:  4/4        EV: 13    Int: 14    God:
Gold:   16         SH:  0    Dex: 17    Spells: 1/1 levels left

rFire   . . .      SeeInvis .   a - +0 falchion
rCold   . . .      Faith    .   (no shield)
rNeg    . . .      Spirit   .   b - +0 robe
rPois   .          Reflect  .   f - +0 helmet
rElec   .          Harm     .   (no cloak)
rCorr   .          Rampage  .   (no gloves)
Will    .....                   (no boots)
Stlth   ++........              (no amulet)
HPRegen 0.06/turn               (no ring)
MPRegen 0.09/turn               (no ring)

@: no status effects
A: no striking features
a: no special abilities


You were on level 2 of the Dungeon.
You visited 1 branch of the dungeon, and saw 2 of its levels.

You collected 16 gold pieces.

Inventory:

Hand Weapons
 a - a +0 falchion (weapon)
Armour
 b - a +0 robe (worn)
 f - a +0 helmet (worn)
Scrolls
 c - 2 scrolls of identify


   Skills:
 - Level 2.4 Fighting
 + Level 3.7 Long Blades
 - Level 3.6 Dodging
 - Level 2.4 Stealth


You had one spell level left.
You didn't know any spells.
Your spell library was empty.

Dungeon Overview and Level Annotations

Branches:
Dungeon (2/15)

Altars:


Message History

As you read the scroll of teleportation, it crumbles to dust.
You feel strangely unstable.
You feel sick. The adder barely misses you. The adder bites you.
* * * LOW HITPOINT WARNING * * *
Unknown command.
It was a potion of curing.
You feel better. The adder bites you.
Unknown command.
You hit the adder but do no damage. The adder barely misses you.
Your surroundings suddenly seem different.
A ball python, a bullfrog skeleton and an endoplasm come into view.
Found 11 gold pieces.
Found a stone staircase leading down.
Unknown command.
The helpless endoplasm fails to defend itself.
You slash the endoplasm!
You kill the endoplasm!
You hit the bullfrog skeleton.
The bullfrog skeleton is lightly damaged.
The bullfrog skeleton hits you. x2
* * * LOW HITPOINT WARNING * * *
You aren't carrying any potions.
Unknown command.
As you read the scroll labelled MOSHRO NEPUJIYMISTRO, it crumbles to dust.
You feel aware of your surroundings.
It was a scroll of magic mapping.
The bullfrog skeleton closely misses you.
You hit the bullfrog skeleton.
The bullfrog skeleton is lightly damaged.
The bullfrog skeleton barely misses you.
The bullfrog skeleton closely misses you.
You hit the bullfrog skeleton.
The bullfrog skeleton is lightly damaged.
The bullfrog skeleton hits you.
* * * LOW HITPOINT WARNING * * *
You slash the bullfrog skeleton!
The bullfrog skeleton is heavily damaged.
The bullfrog skeleton closely misses you.
You hit the bullfrog skeleton but do no damage.
You punch the bullfrog skeleton, but do no damage.
The bullfrog skeleton is heavily damaged.
The bullfrog skeleton hits you.
You die...

..............##########.....,**,
.######......................,**,
,* #....................>S,**, ,*
#......................,**, **
#......................,+,,
#......................,**,
#######................,,,,
#....Z......#+#.$,,,,
#...@.......#,*,.,,*,
#...........#,*******
#...........#,,,,,,,,
#...........#********
#############


You could see a bullfrog skeleton.

Vanquished Creatures
  3 bats
  3 endoplasms (D:2)
  2 giant cockroaches
  4 goblins
  4 hobgoblins
  A ball python (D:2)
  A frilled lizard (D:1)
  A rat (D:2)
19 creatures vanquished.

Notes
Turn   | Place    | Note
-------+----------+-------------------------------------------
     0 | D:1      | Spectrina the Deep Elf Monk began the quest for the Orb.
     0 | D:1      | Reached XP level 1. HP: 13/13 MP: 3/3
   236 | D:1      | Reached XP level 2. HP: 16/18 MP: 4/4
   409 | D:2      | Slain by a bullfrog skeleton

Illustrated notes

Levels and vault maps discovered:
D:1:      scummos_arrival_simple_fountains, layout_basic
D:2:      layout_basic

Skill      XL: |  1 |
---------------+----+-----
Long Blades    | 3 |  3.7
Fighting       | |  2.4
Dodging        | |  3.6
Stealth        | |  2.4

Action                   || total
-------------------------++-------
Melee: Falchion          ||    72
       Punch             ||     2
  Use: Scroll            ||     3
       Potion            ||     1
 Stab: Sleeping          ||     2
Armor: Robe              ||    18
Dodge: Dodged            ||    63
